Map: Récif abyssal EC

Players

Lars

  • Race: Terran Terran
  • League: Silver
  • Spawn Location: 5:00

zidar - Winner!

  • Race: Zerg Zerg
  • League: Gold
  • Spawn Location: 11:00

VOD

Have the link to the VOD?

Description

Time

  • Played on: Sept. 1, 2017, 11:23 a.m.
  • Length: 7:25
Show
View Real Time Build Order
Export as new Build Order

Lars Terran 

Build Orders:  

Get SALT Encoding   

  12  0:02  SCV  
  13  0:14  SCV  
  13  0:18  Supply Depot  
  14  0:28  SCV  
  15  0:41  Barracks  
  15  0:42  SCV  
  16  0:55  Refinery x2  
  16  0:56  SCV  
  17  1:08  SCV  
  18  1:20  SCV  
  19  1:30  Supply Depot, Barracks Reactor  
  19  1:44  SCV  
  20  1:53  Factory  
  20  1:57  SCV  
  21  2:07  Factory  
  21  2:09  SCV  
  21  2:14  Marine  
  21  2:15  Marine  
  24  2:48  Supply Depot  
  24  2:49  Supply Depot  
  24  3:03  Cyclone  
  24  3:04  Cyclone  
  30  3:10  Cyclone  
  33  3:36  Hellion, Cyclone  
  38  3:42  Cyclone  
  38  3:43  Orbital Command  
  41  4:02  Supply Depot  
  41  4:03  Supply Depot  
  41  4:09  Cyclone  
  44  4:21  Cyclone  
  47  4:35  Cyclone  
  40  4:56  Cyclone  
  43  5:20  Cyclone  
  46  5:23  Hellion  
  46  5:28  Hellion  
  39  6:00  Cyclone x2  
  46  6:18  Cyclone  
  34  6:39  Cyclone  
  33  6:45  Hellion  
  34  6:51  Hellion  
Show
View Real Time Build Order
Export as new Build Order

zidar Zerg - Winner!

Build Orders: Hatch First 

Get SALT Encoding   

  12  0:02  Drone  
  13  0:13  Overlord  
  13  0:20  Drone  
  14  0:31  Drone x2  
  14  0:35  Drone  
  17  0:55  Hatchery  
  16  0:57  Drone  
  17  1:07  Extractor  
  16  1:16  Spawning Pool  
  16  1:18  Drone  
  16  1:25  Drone  
  17  1:27  Drone  
  18  1:34  Drone  
  19  2:05  Queen  
  19  2:06  Queen  
  23  2:14  Roach Warren  
  23  2:15  Drone x2  
  24  2:21  Overlord  
  24  2:31  Drone  
  24  2:33  Drone  
  24  2:34  Drone  
  26  2:52  Overlord  
  26  2:54  Roach x3  
  32  2:59  Roach  
  32  3:04  Drone x2  
  36  3:13  Drone  
  37  3:22  Roach x2  
  37  3:23  Roach  
  37  3:26  Overlord  
  43  3:50  Queen  
  45  3:56  Roach x3  
  45  4:00  Overlord x2  
  51  4:14  Drone  
  52  4:18  Drone x6  
  34  5:05  Roach x9  
  38  5:53  Roach  
  38  5:54  Roach x7  
  54  5:57  Queen  
  54  6:01  Roach  
  42  6:40  Roach  
  42  6:41  Roach x4  
  52  6:47  Extractor  
  52  6:50  Extractor  
  50  6:58  Spine Crawler  
  50  6:59  Spine Crawler  
  48  7:02  Spine Crawler  
Tags
 
Add a new tag
Caveats
  • Supply blocks, unpowered buildings, or Contaminate may cause inaccurate times.
  • Supply counts are checked every 10 seconds.